 Dungeon Crawl Stone Soup version 0.24-a0-235-g3f03afc (webtiles) character file.

Game seed: 7846629170123732801

53 Azzok the Firebug (level 3, -3/21 HPs)
             Began as an Octopode Fire Elementalist on Apr 7, 2019.
             Slain by an orc wizard
             ... wielding a cursed +0 dagger
              (4 damage)
             ... on level 2 of the Dungeon.
             The game lasted 00:02:51 (2537 turns).

Azzok the Firebug (Octopode Fire Elementalist)      Turns: 2537, Time: 00:02:52

Health: -3/21      AC:  1    Str:  7    XL:     3   Next: 89%
Magic:  0/7        EV: 13    Int: 18    God:
Gold:   108        SH:  0    Dex: 12    Spells: 3/7 levels left

rFire    . . .     SeeInvis .   (no weapon)
rCold    . . .     Gourm    .   (no shield)
rNeg     + . .     Faith    +   (helmet restricted)
rPois    .         Spirit   .   c - amulet of faith
rElec    .         Reflect  .   g - ring of positive energy
rCorr    .         Harm     .   (no ring)
MR       .....                  (no ring)
Stlth    +++.......             (no ring)
HPRegen  0.07/turn              (no ring)
MPRegen  0.10/turn              (no ring)
                                (no ring)
                                (no ring)

@: no status effects
A: almost no armour, stealthy swim, amphibious, 8 rings, constrict 8, camouflage
1, gelatinous body 1
a: no special abilities


You were on level 2 of the Dungeon.
You were not hungry.

You visited 1 branch of the dungeon, and saw 2 of its levels.

You collected 108 gold pieces.

Inventory:

Jewellery
 c - an amulet of faith (around mantle)
 g - a ring of positive energy (left tentacle)
Scrolls
 e - a scroll of teleportation {unknown}
 j - a scroll of identify {unknown}
Potions
 a - a potion of cancellation {unknown}
 d - a potion of curing {unknown}
 f - a potion of berserk rage {unknown}
 h - a potion of might {unknown}
 i - a potion of resistance
Comestibles
 b - 2 rations


   Skills:
 - Level 2.0 Dodging
 - Level 2.6 Stealth
 + Level 2.7 Spellcasting
 + Level 2.2 Conjurations
 + Level 3.6 Fire Magic


You had 3 spell levels left.
You knew the following spells:

 Your Spells              Type           Power        Failure   Level  Hunger
a - Flame Tongue          Conj/Fire      ##...        4%          1    #......
b - Conjure Flame         Conj/Fire      ##......     16%         3    ###....

Your spell library contained the following spells:

 Spells                   Type           Power        Failure   Level  Hunger
 Throw Flame              Conj/Fire      ##....       8%          2    ##.....
 Inner Flame              Hex/Fire       #.......     24%         3    ###....
 Sticky Flame             Conj/Fire      ##......     45%         4    #####..
 Fireball                 Conj/Fire      ##........   80%         5    ######.


Dungeon Overview and Level Annotations

Branches:
Dungeon (2/15)

Altars:


Innate Abilities, Weirdness & Mutations

You cannot wear most types of armour.
You are very stealthy in the water. (Stealth+)
You are amphibious.
You can wear up to eight rings at the same time.
You can use your tentacles to constrict eight enemies at once.
Your skin changes colour to match your surroundings (Stealth+).
Your rubbery body absorbs attacks. (AC +1, EV +1)


Message History

Aiming: Flame Tongue (safe; 4% risk of failure)
Press: ? - help, Shift-Dir - straight line, f/p - orc priest
Aim: an orc priest, wielding a +0 club (heavily wounded)
The flame tongue misses the orc priest.
* * * LOW MAGIC WARNING * * *
The orc wizard hits you but does no damage.
The orc priest invokes the aid of Beogh against you.
Beogh smites you!
Ouch! That really hurt!
* * * LOW HITPOINT WARNING * * *
Casting: Flame Tongue (safe; 4% risk of failure)
Confirm with . or Enter, or press ? or * to list all spells.
Aiming: Flame Tongue (safe; 4% risk of failure)
Press: ? - help, Shift-Dir - straight line, f/p - orc priest
Aim: an orc priest, wielding a +0 club (heavily wounded)
The flame tongue hits the orc priest.
The orc priest is almost dead.
* * * LOW MAGIC WARNING * * *
The orc wizard hits you with a cursed +0 dagger.
You die...

▒▒ ▒· ·· · ·· o▒o▒
▒▒·▒▒ ·▒· ▒···▒ o·
▒···▒ ▒▒▒▒▒▒▒▒·▒
▒···▒ ▒·····@▒·▒
▒···▒ ▒·▒▒▒▒ooo▒
▒···▒▒▒▒▒········▒
▒▒▒··········▒·····▒
·······▒▒▒···▒·▒··▒▒
·······▒
▒···········
·······▒
▒········▒▒▒▒
▒▒▒···[·····▒▒·▒▒·▒
▒···▒▒▒▒▒·▒▒····▒


You could see an orc priest, an orc wizard and an orc.

Vanquished Creatures
  A worm (D:2)
  A leopard gecko (D:1)
  9 bats
  3 giant cockroaches (D:1)
  6 goblins
  6 hobgoblins (D:1)
  A jackal (D:1)
  6 kobolds
  A quokka (D:2)
  4 frilled lizards
  7 rats
45 creatures vanquished.

Notes
Turn   | Place    | Note
-------+----------+-------------------------------------------
     0 | D:1      | Azzok the Octopode Fire Elementalist began the quest for
                  | the Orb.
     0 | D:1      | Reached XP level 1. HP: 11/11 MP: 3/3
   594 | D:1      | Reached XP level 2. HP: 17/17 MP: 3/5
  1005 | D:1      | Reached XP level 3. HP: 21/21 MP: 3/6
  1434 | D:1      | Learned a level 3 spell: Conjure Flame
  2536 | D:2      | HP: 1/21 [orc priest/divine providence (12)]
  2537 | D:2      | Slain by an orc wizard

Levels and vault maps discovered:
D:1:      dpeg_arrival_pits, layout_loops_ring, st_stairs_7,
          minmay_three_crescents
D:2:      layout_loops_cross, lemuel_zombie_altar_kikubaaqudgha,
          doesnt_xom_only_xom

Skill      XL: |  1  2  3 |
---------------+----------+-----
Conjurations   | 2 |  2.2
Dodging        | |  2.0
Stealth        | |  2.6
Spellcasting   | |  2.7
Fire Magic     | |  3.6

Action                   || total
-------------------------++-------
Melee: Unarmed           ||    34
       Constrict         ||    12
       Tentacles         ||     4
 Cast: Flame Tongue      ||    71
 Stab: Sleeping          ||     1
       Distracted        ||     1
  Eat: Chunk             ||     5
Armor: Skin              ||     7
Dodge: Dodged            ||    37

Table legend:
 A = Non-vault XP
 B = Vault XP
 C = Vault XP percentage of total XP
 D = Non-vault monster count
 E = Vault monster count
 F = Vault count percentage of total count
                 A         B        C        D         E       F
            +---------+---------+-------+---------+---------+-------
      Total |      65 |      12 |  15.6 |      37 |       8 |  17.8
            +---------+---------+-------+---------+---------+-------
        D:1 |      47 |      12 |  20.3 |      28 |       8 |  22.2
        D:2 |      18 |       0 |   0.0 |       9 |       0 |   0.0
            +---------+---------+-------+---------+---------+-------
